 Dungeon Crawl Stone Soup version bcrawl-1.21.3-16-g7f46a08de7 (webtiles) character file.

Game seed: 12688904037035412793

1024 funkygono the Shield-Bearer (level 8, -5/67 HPs)
             Began as a Gnoll Fighter on May 2, 2020.
             Slain by an orc
             ... wielding a +2 whip of electrocution
              (12 damage)
             ... on level 5 of the Dungeon.
             The game lasted 00:08:40 (3722 turns).

funkygono the Shield-Bearer (Gnoll Fighter)         Turns: 3722, Time: 00:08:40

Health: -5/67      AC: 14    Str: 20    XL:     8   Next: 22%
Magic:  12/12      EV:  6    Int: 12    God:
Gold:   235        SH: 12    Dex: 14    Spells: 13/13 levels left

rFire    . . .     SeeInvis .   a - +0 long sword
rCold    . . .     Gourm    .   c - +0 medium shield
rNeg     . . .     Faith    .   i - +0 plate armour
rPois    .         Spirit   .   u - +0 helmet
rElec    .         Reflect  .   (no cloak)
rCorr    +         Harm     .   (no gloves)
MR       .....                  (no boots)
Stlth    ..........             (no amulet)
HPRegen  0.21/turn              y - ring of flight
MPRegen  0.13/turn              A - ring of resist corrosion

@: no status effects
A: distributed training, fangs 1, strong nose
a: Evoke Flight


You were on level 5 of the Dungeon.
You were not hungry.

You visited 1 branch of the dungeon, and saw 5 of its levels.

You collected 235 gold pieces.

Inventory:

Hand Weapons
 a - a +0 long sword (weapon)
Missiles
 p - 90 poisoned needles (quivered)
 q - 504 arrows
Armour
 c - a +0 medium shield (worn)
 f - the +0 scale mail "Buaph" {MR+, unknown}
   (You found it on level 4 of the Dungeon)

   It affects your resistance to hostile enchantments.
 i - a +0 plate armour (worn)
 u - a +0 helmet (worn)
Jewellery
 y - a ring of flight (left hand)
 A - a ring of resist corrosion (right hand)
Wands
 d - a wand of disintegration (18)
 s - a wand of flame (33)
 x - a wand of polymorph (15)
Scrolls
 b - 3 scrolls of remove curse
 j - 4 scrolls of teleportation
 k - a scroll of identify
 l - 4 scrolls of fog
 m - a scroll of magic mapping
 r - 2 scrolls of amnesia
 t - 2 scrolls of fear
 z - a scroll of noise {unknown}
Potions
 g - a potion of lignification
 h - 2 potions of haste
 n - a potion of mutation
 o - a potion of magic
 w - a potion of curing {unknown}
Comestibles
 e - 8 rations {!d}
 v - a chunk of flesh


   Skills:
 + Level 7.2 Fighting
 + Level 3.0 Short Blades
 + Level 5.5 Long Blades
 + Level 3.0 Axes
 + Level 3.0 Maces & Flails
 + Level 3.0 Polearms
 + Level 3.0 Staves
 + Level 3.0 Slings
 + Level 3.0 Bows
 + Level 3.0 Crossbows
 + Level 3.0 Throwing
 + Level 7.2 Armour
 + Level 3.0 Dodging
 + Level 3.0 Stealth
 + Level 7.2 Shields
 + Level 3.0 Unarmed Combat
 + Level 3.0 Spellcasting
 + Level 2.4 Conjurations
 + Level 2.4 Hexes
 + Level 2.4 Charms
 + Level 2.4 Summonings
 + Level 2.4 Necromancy
 + Level 2.4 Translocations
 + Level 2.4 Transmutations
 + Level 2.4 Fire Magic
 + Level 2.4 Ice Magic
 + Level 2.4 Air Magic
 + Level 2.4 Earth Magic
 + Level 2.4 Poison Magic
 + Level 3.3 Invocations
 + Level 3.0 Evocations


You had 13 spell levels left.
You didn't know any spells.
Your spell library was empty.

Dungeon Overview and Level Annotations

Branches:
Dungeon (5/12)
 Temple: D:4-7

Altars:
Qazlal
Trog
Zin

Shops:
D:4 =


Innate Abilities, Weirdness & Mutations

Your experience applies equally to all skills.
You have very sharp teeth.
Your uncanny sense of smell can sniff out nearby items.


Message History

The orc hits you but does no damage. You block the orc's attack.
You hit the orc.
You kill the orc!
You block the orc's attack.
You hit the orc. Your bite misses the orc.
The orc is heavily wounded.
You block the orc's attack. The orc hits you but does no damage.
You slash the orc!
You kill the orc!
The orc completely misses you. The orc hits you but does no damage.
You are electrocuted!
* * * LOW HITPOINT WARNING * * *
The orc barely misses you.
Things that are here:
a +0 hand axe; 45 tomahawks You completely miss the orc.
The orc hits you with a +2 whip of electrocution.
* * * LOW HITPOINT WARNING * * *
You are electrocuted!
You die...

#......####..... .....
##.......##......
.....#
#........#รท).....
......
#...........##...
....##...........###..
....##.........## #..
#..##.........# ###
#o##.........# #
#.@#.......)##
#.)#......###
##..#.....# ######
#..##...#####.....
##.##..####.......
#.....# #........
#....## #........
##...# #........ #..##
.........


You could see an orc.

Vanquished Creatures
  An ice beast (D:5)
  2 ogres (D:4)
  A centaur (D:5)
  A scorpion (D:4)
  2 hounds
  An orc priest (D:5)
  2 iguanas
  2 bullfrog skeletons (D:5)
  Terence (D:2)
  4 orc wizards
  4 worker ants
  Robin (D:4)
  8 adders
  3 oozes
  An adder zombie (D:5)
  A worm (D:3)
  4 dart slugs
  5 leopard geckos
  13 orcs
  5 bats
  2 giant cockroaches
  12 goblins
  11 hobgoblins
  9 jackals
  3 kobolds
  3 quokkas
  4 frilled lizards
  A quokka skeleton (D:3)
  3 rats
110 creatures vanquished.

Notes
Turn   | Place    | Note
-------+----------+-------------------------------------------
     0 | D:1      | funkygono the Gnoll Fighter began the quest for the Orb.
     0 | D:1      | Reached XP level 1. HP: 23/23 MP: 1/1
    49 | D:1      | Reached XP level 2. HP: 28/29 MP: 2/2
   504 | D:2      | Reached XP level 3. HP: 35/35 MP: 3/3
   616 | D:2      | Reached skill level 1 in Invocations
   650 | D:2      | Found a faded altar of an unknown god.
   683 | D:2      | Found a bloodstained altar of Trog.
   685 | D:2      | Noticed Terence
   702 | D:2      | Killed Terence
   702 | D:2      | Reached skill level 1 in Short Blades
   702 | D:2      | Reached skill level 1 in Axes
   702 | D:2      | Reached skill level 1 in Maces & Flails
   702 | D:2      | Reached skill level 1 in Polearms
   702 | D:2      | Reached skill level 1 in Staves
   702 | D:2      | Reached skill level 1 in Slings
   702 | D:2      | Reached skill level 1 in Bows
   702 | D:2      | Reached skill level 1 in Crossbows
   702 | D:2      | Reached skill level 1 in Throwing
   702 | D:2      | Reached skill level 1 in Dodging
   702 | D:2      | Reached skill level 1 in Stealth
   702 | D:2      | Reached skill level 1 in Unarmed Combat
   702 | D:2      | Reached skill level 1 in Spellcasting
   702 | D:2      | Reached skill level 1 in Evocations
   702 | D:2      | Reached XP level 4. HP: 33/41 MP: 5/5
   850 | D:2      | Reached skill level 1 in Conjurations
   850 | D:2      | Reached skill level 1 in Hexes
   850 | D:2      | Reached skill level 1 in Charms
   850 | D:2      | Reached skill level 1 in Summonings
   850 | D:2      | Reached skill level 1 in Necromancy
   850 | D:2      | Reached skill level 1 in Translocations
   850 | D:2      | Reached skill level 1 in Transmutations
   850 | D:2      | Reached skill level 1 in Fire Magic
   850 | D:2      | Reached skill level 1 in Ice Magic
   850 | D:2      | Reached skill level 1 in Air Magic
   850 | D:2      | Reached skill level 1 in Earth Magic
   850 | D:2      | Reached skill level 1 in Poison Magic
  1157 | D:3      | Reached XP level 5. HP: 47/47 MP: 6/6
  2026 | D:3      | Found a glowing silver altar of Zin.
  2169 | D:4      | Noticed an ogre
  2182 | D:4      | Reached XP level 6. HP: 23/53 MP: 8/8
  2196 | D:4      | Reached skill level 5 in Long Blades
  2464 | D:4      | Reached XP level 7. HP: 33/59 MP: 10/10
  2783 | D:4      | Noticed Robin
  2818 | D:4      | Killed Robin
  3097 | D:4      | Found Qohogoto's Jewellery Boutique.
  3158 | D:4      | Got a spiked scale mail
  3361 | D:5      | Entered Level 5 of the Dungeon
  3550 | D:5      | Found a stormy altar of Qazlal.
  3582 | D:5      | Reached XP level 8. HP: 67/67 MP: 10/12
  3722 | D:5      | Slain by an orc

Skill      XL: |  1  2  3  4  5  6  7  8 |
---------------+-------------------------+-----
Invocations    | 1 2 3 |  3.3
Short Blades   | 1 2 3 |  3.0
Axes           | 1 2 3 |  3.0
Maces & Flails | 1 2 3 |  3.0
Polearms       | 1 2 3 |  3.0
Staves         | 1 2 3 |  3.0
Slings         | 1 2 3 |  3.0
Bows           | 1 2 3 |  3.0
Crossbows      | 1 2 3 |  3.0
Throwing       | 1 2 3 |  3.0
Dodging        | 1 2 3 |  3.0
Stealth        | 1 2 3 |  3.0
Unarmed Combat | 1 2 3 |  3.0
Spellcasting   | 1 2 3 |  3.0
Evocations     | 1 2 3 |  3.0
Conjurations   | 1 2 |  2.4
Hexes          | 1 2 |  2.4
Charms         | 1 2 |  2.4
Summonings     | 1 2 |  2.4
Necromancy     | 1 2 |  2.4
Translocations | 1 2 |  2.4
Transmutations | 1 2 |  2.4
Fire Magic     | 1 2 |  2.4
Ice Magic      | 1 2 |  2.4
Air Magic      | 1 2 |  2.4
Earth Magic    | 1 2 |  2.4
Poison Magic   | 1 2 |  2.4
Long Blades    | 5 |  5.5
Fighting       | 7 |  7.2
Armour         | 7 |  7.2
Shields        | 7 |  7.2

Action                   |  1- 3 |  4- 6 |  7- 9 || total
-------------------------+-------+-------+-------++-------
Melee: Long sword        |    92 |   162 |   175 ||   429
       Bite              |     5 |    15 |    24 ||    44
  Use: Scroll            |     3 |     8 |     1 ||    12
       Potion            |       |     1 |       ||     1
  Eat: Chunk             |       |     5 |     5 ||    10
Armor: Scale mail        |     3 |       |       ||     3
       Plate armour      |    30 |   115 |    95 ||   240
Dodge: Dodged            |    15 |    21 |    47 ||    83
Block: Medium shield     |    48 |   129 |   138 ||   315
